 Dungeon Crawl Stone Soup version 0.22-a0-833-g8522bf8125 (webtiles) character file.

411 Htamos the Digger (level 6, -8/57 HPs)
             Began as a Troll Earth Elementalist on July 25, 2018.
             Mangled by Pikel
             ... wielding a +2 whip of electrocution
              (20 damage)
             ... on level 4 of the Dungeon.
             The game lasted 00:07:11 (3783 turns).

Htamos the Digger (Troll Earth Elementalist)        Turns: 3783, Time: 00:07:12

Health: -8/57      AC:  6    Str: 17    XL:     6   Next: 58%
Magic:  6/6        EV: 10    Int: 12    God:
Gold:   147        SH:  0    Dex: 11    Spells: 4/7 levels left

rFire    . . .     SeeInvis .     - Unarmed
rCold    . . .     Gourm    +   (no shield)
rNeg     . . .     Faith    .   c - +1 robe
rPois    .         Spirit   .   (helmet restricted)
rElec    .         Reflect  .   (no cloak)
rCorr    .         Harm     .   (gloves unavailable)
MR       .....                  (boots unavailable)
Stlth    +.........             (no amulet)
HPRegen  0.59/turn              (no ring)
MPRegen  0.10/turn              (no ring)

@: no status effects
A: large, unfitting armour, claws 3, fast metabolism 3, gourmand, regeneration
1, shaggy fur 1, tough skin 2
a: no special abilities


You were on level 4 of the Dungeon.
You were completely stuffed.

You visited 1 branch of the dungeon, and saw 4 of its levels.

You collected 147 gold pieces.

Inventory:

Hand Weapons
 q - a +0 blowgun
Missiles
 b - 152 stones (quivered)
 r - 16 poisoned needles
Armour
 c - a +1 robe (worn)
Jewellery
 f - an uncursed ring of protection from cold {unknown}
 o - an uncursed ring of magical power {unknown}
Scrolls
 i - a scroll of identify {unknown}
 j - 2 scrolls of teleportation
 k - 3 scrolls of amnesia {unknown}
 n - a scroll of enchant armour
Potions
 a - 2 potions of curing {unknown}
 e - a potion of mutation {unknown}
 g - a potion of brilliance {unknown}
 h - a potion of berserk rage {unknown}
 l - 3 potions of heal wounds
 m - a potion of might {unknown}
 p - a potion of agility {unknown}
Comestibles
 d - 9 rations
 s - 5 chunks of flesh


   Skills:
 + Level 1.9 Fighting
 + Level 3.1 Dodging
 - Level 1.0 Stealth
 + Level 2.3 Unarmed Combat
 - Level 1.2 Spellcasting
 - Level 0.6 Transmutations
 * Level 5.0 Earth Magic


You had 4 spell levels left.
You knew the following spells:

 Your Spells              Type           Power        Failure   Level  Hunger
a - Sandblast             Erth           ##....       3%          1    ##.....
b - Passwall              Tmut/Erth      #.......     14%         2    ###....

Your spell library contained the following spells:

 Spells                   Type           Power        Failure   Level  Hunger
 Summon Small Mammal      Summ           #...         30%         1    ##.....
 Summon Ice Beast         Ice/Summ       #.......     96%         4    #####..
 Call Imp                 Summ           #.......     41%         2    ###....
 Stone Arrow              Conj/Erth      #.....       30%         3    ####...
 Call Canine Familiar     Summ           #.......     65%         3    ####...
 Lee's Rapid Deconstruct  Erth           ##........   71%         5    ######.
 Petrify                  Tmut/Erth      #.......     67%         4    #####..
 Summon Lightning Spire   Summ/Air       #.......     96%         4    #####..
 Summon Guardian Golem    Hex/Summ       #.......     65%         3    ####...


Dungeon Overview and Level Annotations

Branches:
Dungeon (4/15)
 Temple: D:4-7

Altars:
Yredelemnul

Annotations:
D:4 Pikel


Innate Abilities, Weirdness & Mutations

You are too large for most types of armour.
You have claws for hands.
Your metabolism is lightning-fast.
You like to eat raw meat.
Your natural rate of healing is unusually fast.
You are covered in fur. (AC +1)
You have very tough skin. (AC +2)


Message History

You scratch Pikel.
Pikel is lightly wounded.
The slave hits you! Pikel closely misses you.
You scratch Pikel but do no damage.
Pikel is lightly wounded.
The slave hits you.
* * * LOW HITPOINT WARNING * * *
Pikel hits you with a whip of electrocution.
* * * LOW HITPOINT WARNING * * *
You scratch Pikel but do no damage.
Pikel is lightly wounded.
The slave barely misses you. Pikel hits you but does no damage.
You claw Pikel!
Pikel is moderately wounded.
The slave hits you.
* * * LOW HITPOINT WARNING * * *
Pikel hits you with a whip of electrocution!
* * * LOW HITPOINT WARNING * * *
You are electrocuted!
You die...

.. #........# #
#..##.#..#
#.#####.).#.#..#
.........#.....
#...........##.
##.............
#.
#.#....#....#.
#.
#.#...#.#......
## .
##...@K......
##..#p......
#.#. .#...##
#.#.. ..#.##
#.###. ....# ##
#. ....# #.
....# .. ###..


You could see Pikel and a slave.

Vanquished Creatures
  2 slaves (D:4)
  A gnoll shaman (D:4)
  A hound (D:3)
  2 worker ants (D:4)
  Natasha (thrice) (D:2)
  Robin (D:1)
  7 gnolls
  5 adders
  4 worms
  2 leopard geckos
  An orc (D:3)
  4 giant cockroaches
  11 hobgoblins
  9 jackals
  A quokka (D:4)
  2 ball pythons
  7 bats
  2 frilled lizards
  22 goblins
  A jackal skeleton (D:3)
  13 kobolds
  7 rats
108 creatures vanquished.

Notes
Turn   | Place    | Note
-------+----------+-------------------------------------------
     0 | D:1      | Htamos the Troll Earth Elementalist began the quest for the Orb.
     0 | D:1      | Reached XP level 1. HP: 16/16 MP: 1/1
    42 | D:1      | Reached skill level 3 in Earth Magic
    56 | D:1      | Reached XP level 2. HP: 24/24 MP: 2/2
    66 | D:1      | Learned a level 2 spell: Passwall
   461 | D:1      | Reached XP level 3. HP: 28/31 MP: 3/3
   762 | D:2      | Noticed Robin
   856 | D:1      | Killed Robin
   878 | D:2      | Reached XP level 4. HP: 38/40 MP: 4/4
  1125 | D:2      | Reached skill level 4 in Earth Magic
  1329 | D:2      | Reached skill level 1 in Unarmed Combat
  1615 | D:2      | Noticed Natasha
  1729 | D:1      | Reached skill level 1 in Fighting
  1781 | D:2      | Reached XP level 5. HP: 30/48 MP: 5/5
  2283 | D:2      | Killed Natasha
  2601 | D:2      | Noticed Natasha
  2607 | D:2      | Killed Natasha
  2647 | D:2      | Noticed Natasha
  2660 | D:2      | Killed Natasha
  3023 | D:3      | Reached XP level 6. HP: 36/55 MP: 6/6
  3220 | D:3      | Found a runed door.
  3220 | D:3      | Noticed a human
  3223 | D:3      | Found a basalt altar of Yredelemnul.
  3590 | D:4      | Reached skill level 5 in Earth Magic
  3686 | D:4      | Noticed a slave
  3691 | D:4      | Noticed a slave
  3716 | D:4      | Killed a slave
  3763 | D:4      | Noticed Pikel
  3768 | D:4      | Killed a slave
  3769 | D:4      | Noticed a slave
  3783 | D:4      | Mangled by Pikel

Vault maps used:
D:1:      matt_arrival_debris, minmay_octomino_j4
D:2:      kennysheep_the_goblin_king, first_ration, kennysheep_generic_room_11,
          uniq_natasha, uniq_robin
D:3:      dk_yredelemnul_ordeal
D:4:      minmay_misc_feat_square, uniq_pikel

Skill      XL: |  1  2  3  4  5  6 |
---------------+-------------------+-----
Earth Magic    | 3 4 5 |  5.0
Dodging        | 2 3 |  3.1
Unarmed Combat | 1 2 |  2.3
Fighting       | 1 |  1.9
Stealth        | |  1.0
Spellcasting   | |  1.2
Transmutations | |  0.6

Action                   |  1- 3 |  4- 6 || total
-------------------------+-------+-------++-------
Melee: Unarmed           |   183 |   295 ||   478
       Punch             |       |     1 ||     1
  Use: Scroll            |       |     6 ||     6
       Potion            |       |     1 ||     1
 Stab: Distracted        |     1 |     1 ||     2
       Sleeping          |     1 |     3 ||     4
  Eat: Chunk             |    14 |    27 ||    41
Armor: Robe              |    54 |    80 ||   134
Dodge: Dodged            |    86 |   153 ||   239

Table legend:
 A = Spawn XP
 B = Non-spawn XP
 C = Spawn XP percentage of total XP
 D = Spawn monster count
 E = Non-spawn monster count
 F = Spawn count percentage of total count
 G = Total turns spent on level
                    A         B        C        D         E        F      G
               +---------+---------+-------+---------+---------+-------+---------
         Total |       0 |     588 |   0.0 |       0 |     106 |   0.0 |  3783
               +---------+---------+-------+---------+---------+-------+---------
           D:1 |       0 |      96 |   0.0 |       0 |      36 |   0.0 |   852
           D:2 |       0 |     222 |   0.0 |       0 |      36 |   0.0 |  1837
           D:3 |       0 |     103 |   0.0 |       0 |      24 |   0.0 |   796
           D:4 |       0 |     167 |   0.0 |       0 |      10 |   0.0 |   298
               +---------+---------+-------+---------+---------+-------+---------
